 Dungeon Crawl Stone Soup version 0.21-a0-394-gdc75ea7 (webtiles) character file.

15960 Kavrick the Unseen (level 12, -1/51 HPs)
             Began as a Spriggan Enchanter on Oct 18, 2017.
             Was an Elder of Dithmenos.
             Slain by a seven-headed hydra (5 damage)
             ... on level 2 of the Lair of Beasts.
             The game lasted 00:51:48 (18569 turns).

Kavrick the Unseen (Spriggan Enchanter)            Turns: 18569, Time: 00:51:48

Health: -1/51      AC:  2    Str:  4    XL:     12   Next: 5%
Magic:  22/26      EV: 18    Int: 24    God:    Dithmenos [****..]
Gold:   680        SH:  0    Dex: 16    Spells: 24/30 levels left

rFire    . . .     SeeInvis +   g - +3 dagger (venom)
rCold    . . .     Gourm    .   (shield restricted)
rNeg     . . .     Faith    .   b - +0 robe
rPois    .         Spirit   .   (helmet restricted)
rElec    .         Reflect  .   (no cloak)
rCorr    .         Harm     .   (gloves unavailable)
MR       +++..                  (boots unavailable)
Stlth    +++++++++.             (no amulet)
HPRegen  0.17/turn              l - +2 ring of intelligence
MPRegen  0.20/turn              M - ring of protection from magic

@: wreathed by umbra, very quick
A: unfitting armour, see invisible, herbivore 3, speed 3, slow metabolism 2
a: Shadow Step, Renounce Religion


You were on level 2 of the Lair of Beasts.
You worshipped Dithmenos.
Dithmenos was greatly pleased with you.
You were hungry.

You visited 3 branches of the dungeon, and saw 15 of its levels.

You collected 680 gold pieces.

Inventory:

Hand Weapons
 a - a +1 dagger
 g - a +3 dagger of venom (weapon)
 j - a +2 dagger of freezing
 y - a -3 dagger
Missiles
 i - 478 stones (quivered)
Armour
 b - a +0 robe (worn)
 E - a +3 buckler
Jewellery
 l - a +2 ring of intelligence (left hand)
 n - an uncursed ring of poison resistance
 A - an uncursed ring of resist corrosion
 D - a +6 ring of slaying
 M - a ring of protection from magic (right hand)
 N - an uncursed ring of magical power {unknown}
 O - an uncursed ring of ice {unknown}
 P - an uncursed amulet of faith {unknown}
 T - a +4 ring of dexterity {unknown}
Wands
 d - a wand of acid (11/15)
 m - a wand of confusion (24/48)
 w - a wand of iceblast (6/15)
 x - a wand of disintegration (19/24)
 B - a wand of lightning (15/15)
 K - a wand of paralysis (14/24)
Scrolls
 f - 3 scrolls of enchant weapon
 h - 2 scrolls of remove curse
 k - 5 scrolls of immolation
 o - 5 scrolls of teleportation
 p - 13 scrolls of identify
 z - 3 scrolls of fear
 G - 2 scrolls of amnesia
 H - 4 scrolls of enchant armour
 U - a scroll of blinking
Potions
 e - 5 potions of might
 r - 3 potions of invisibility
 s - 2 potions of flight {unknown}
 t - 2 potions of magic
 v - 2 potions of agility {unknown}
 C - a potion of berserk rage {unknown}
 F - 2 potions of heal wounds {unknown}
 I - a potion of brilliance {unknown}
 J - a potion of resistance {unknown}
 L - 2 potions of cancellation {unknown}
 Q - a potion of lignification {unknown}
Books
 c - a book of Maledictions

   Spells                             Type                      Level
   a - Corona                         Hexes                        1
   b - Ensorcelled Hibernation        Hexes/Ice                    2
   c - Confuse                        Hexes                        3
   d - Tukima's Dance                 Hexes                        3
   e - Dazzling Spray                 Conjuration/Hexes            3
 S - a book of Changes

   Spells                             Type                      Level
   a - Beastly Appendage              Transmutation                1
   b - Sticks to Snakes               Transmutation                2
   c - Spider Form                    Transmutation/Poison         3
   d - Ice Form                       Ice/Transmutation            4
   e - Blade Hands                    Transmutation                5
Comestibles
 q - 13 royal jellies
 u - 5 bread rations
 R - 3 fruits


   Skills:
 + Level 8.6 Short Blades
 + Level 3.1 Dodging
 * Level 16.6 Stealth
 - Level 2.1 Shields
 + Level 9.8 Spellcasting
 * Level 13.3 Hexes
 - Level 1.0 Ice Magic
 + Level 2.2 Invocations


You had 24 spell levels left.
You knew the following spells:

 Your Spells              Type           Power        Failure   Level  Hunger
a - Ensorcelled Hibernat  Hex/Ice        #####.       1%          2    None
b - Confuse               Hex            ######..     1%          3    None
l - Corona                Hex            ######.      1%          1    None


Dungeon Overview and Level Annotations

Branches:
Dungeon (12/15)            Temple (1/1) D:4            Lair (2/6) D:10
  Swamp: Lair:2-4    Shoals: Lair:2-4     Snake: Lair:2-4    Spider: Lair:2-4
    Orc: D:9-12

Altars:
Ashenzari
Cheibriados
Dithmenos
Elyvilon
Fedhas
Gozag
Hepliaklqana
Kikubaaqudgha
Makhleb
Nemelex Xobeh
Okawaru
Qazlal
Ru
Sif Muna
Trog
Uskayaw
Vehumet
Wu Jian
Xom
Yredelemnul
Zin
The Shining One

Annotations:
D:9 Nico3ck's ghost, novice GrWz


Innate Abilities, Weirdness & Mutations

You are very small and have problems with some larger weapons.
You are too small for most types of armour.
You have supernaturally acute eyesight. (SInv)
You are a herbivore.
You cover ground extremely quickly.
You need consume almost no food.


Message History

Casting: Ensorcelled Hibernation
Confirm with . or Enter, or press ? or * to list all spells.
Aiming: Ensorcelled Hibernation
Press: ? - help, Shift-Dir - straight line, f - seven-headed hydra
Aim: a seven-headed hydra (umbra, chance to defeat MR: 36%)
The seven-headed hydra easily resists.
Casting: Ensorcelled Hibernation
Confirm with . or Enter, or press ? or * to list all spells.
Aiming: Ensorcelled Hibernation
Press: ? - help, Shift-Dir - straight line, f/p - seven-headed hydra
Aim: a seven-headed hydra (umbra, chance to defeat MR: 36%)
The seven-headed hydra easily resists.
The seven-headed hydra bites you!
The seven-headed hydra closely misses you.
The seven-headed hydra bites you. The seven-headed hydra bites you!
* * * LOW HITPOINT WARNING * * *
The seven-headed hydra closely misses you.
The seven-headed hydra bites you!
* * * LOW HITPOINT WARNING * * *
The seven-headed hydra bites you.
You die...

... #..##...#####
.. #...P..######
..#...........#
......#.......##.
.##..#........PP
.#P...#.......+
......#'##..P..
..#...#'#.#.#+P..
###......@.......
###.....D........
.................
.....[...........
.#.#.............
##..............
#..##.P#..###..
##. P..#.## .$ #.
#....$


You could see a seven-headed hydra.

Vanquished Creatures
  2 two-headed ogres (D:8)
  Urug (D:11)
  Nergalle (D:10)
  A skeletal warrior (D:8)
  An unseen horror (D:7)
  Pikel (D:6)
  An ugly thing (D:11)
  An elephant (D:10)
  A spiny frog (Lair:1)
  A centaur skeleton (D:11)
  A troll (D:8)
  A queen bee (D:8)
  A hornet (D:9)
  3 hippogriffs
  3 blink frogs (Lair:1)
  3 basilisks
  4 yaks
  A hungry ghost (D:10)
  Menkaure (D:4)
  2 water moccasins
  4 porcupines
  2 eyes of draining
  5 black bears
  2 necrophages
  6 orc warriors
  An ice beast (D:9)
  A phantom (D:4)
  3 sky beasts
  3 ogres
  3 crocodiles (Lair:1)
  Blork the orc (D:6)
  11 bullfrogs
  2 gnoll sergeants
  23 killer bees
  4 wights (D:8)
  4 howler monkeys
  An electric eel (Lair:1)
  3 crimson imps
  2 bullfrog zombies (D:7)
  4 centaur zombies
  4 orc priests
  3 bullfrog skeletons
  4 hounds
  3 jellies
  An iguana (D:5)
  14 orc wizards
  7 worker ants
  3 hound zombies
  10 adders
  12 gnolls
  2 howler monkey skeletons
  A shadow imp (D:6)
  2 oozes
  An adder zombie (D:9)
  3 worms
  A dart slug (D:2)
  8 leopard geckos
  57 orcs
  A ball python (D:2)
  9 bats
  7 giant cockroaches
  7 goblins
  7 hobgoblins
  10 jackals
  6 quokkas
  3 frilled lizards
  2 kobolds (D:1)
  A leopard gecko skeleton (D:4)
  2 quokka skeletons
  3 rats
310 creatures vanquished.

Vanquished Creatures (others)
  2 fungi (Lair:2)
  2 plants (D:3)
4 creatures vanquished.

Grand Total: 314 creatures vanquished

Notes
Turn   | Place    | Note
-------+----------+-------------------------------------------
     0 | D:1      | Kavrick the Spriggan Enchanter began the quest for the Orb.
     0 | D:1      | Reached XP level 1. HP: 9/9 MP: 5/5
   923 | D:1      | Reached XP level 2. HP: 13/13 MP: 6/6
   937 | D:1      | Learned a level 2 spell: Ensorcelled Hibernation
  1824 | D:1      | Reached skill level 5 in Stealth
  2165 | D:2      | Reached XP level 3. HP: 16/16 MP: 5/8
  2672 | D:2      | Found a snail-covered altar of Cheibriados.
  2717 | D:2      | Reached XP level 4. HP: 21/21 MP: 4/9
  2719 | D:2      | Found an iron altar of Okawaru.
  3600 | D:3      | Found a sacrificial altar of Ru.
  3867 | D:3      | Reached skill level 6 in Stealth
  4539 | D:3      | Reached skill level 5 in Hexes
  4539 | D:3      | Reached XP level 5. HP: 15/24 MP: 4/11
  4872 | D:3      | Learned a level 3 spell: Confuse
  5123 | D:4      | Noticed Menkaure
  5125 | D:4      | Killed Menkaure
  5125 | D:4      | Reached skill level 7 in Stealth
  5125 | D:4      | Reached XP level 6. HP: 28/28 MP: 11/13
  5410 | D:4      | Found a staircase to the Ecumenical Temple.
  5859 | Temple   | Entered the Ecumenical Temple
  5907 | Temple   | Became a worshipper of Dithmenos the Shadowed
  6518 | D:4      | Found a deep blue altar of Sif Muna.
  6630 | D:5      | Entered Level 5 of the Dungeon
  6806 | D:5      | Found a shimmering altar of Xom.
  6815 | D:5      | Reached skill level 8 in Stealth
  6815 | D:5      | Reached XP level 7. HP: 32/32 MP: 14/14
  7392 | D:5      | Reached skill level 9 in Stealth
  7392 | D:5      | Reached skill level 5 in Spellcasting
  7996 | D:5      | Reached * piety under Dithmenos
  8675 | D:6      | Noticed Blork the orc
  8682 | D:6      | Killed Blork the orc
  8682 | D:6      | Reached XP level 8. HP: 36/36 MP: 14/16
  8764 | D:6      | Noticed Pikel
  8765 | D:6      | Killed Pikel
  8765 | D:6      | Reached skill level 10 in Stealth
  8832 | D:6      | Found a burning altar of Makhleb.
  9658 | D:7      | Found a snail-covered altar of Cheibriados.
  9898 | D:7      | Found an opulent altar of Gozag.
  9932 | D:7      | Found a stormy altar of Qazlal.
 10092 | D:7      | Reached skill level 11 in Stealth
 10356 | D:7      | Reached skill level 5 in Short Blades
 10361 | D:7      | Reached ** piety under Dithmenos
 10361 | D:7      | Reached skill level 1 in Ice Magic
 10361 | D:7      | Reached XP level 9. HP: 23/39 MP: 6/19
 10505 | D:7      | Noticed an unseen horror
 10509 | D:7      | Killed an unseen horror
 11290 | D:7      | Reached skill level 12 in Stealth
 11324 | D:7      | HP: 1/39 [poisoned by a killer bee]
 11937 | D:8      | Found a shattered altar of Ashenzari.
 12226 | D:8      | Reached skill level 10 in Hexes
 12347 | D:8      | Noticed a two-headed ogre
 12354 | D:8      | Killed a two-headed ogre
 12354 | D:8      | Reached skill level 13 in Stealth
 12392 | D:8      | Reached XP level 10. HP: 44/44 MP: 22/22
 12710 | D:8      | Found a basalt altar of Yredelemnul.
 12710 | D:8      | Found a radiant altar of Vehumet.
 12717 | D:8      | Noticed a two-headed ogre
 12756 | D:8      | Killed a two-headed ogre
 12756 | D:8      | Reached skill level 14 in Stealth
 12903 | D:8      | Noticed a skeletal warrior
 12910 | D:8      | Killed a skeletal warrior
 12910 | D:8      | Reached *** piety under Dithmenos
 13250 | D:9      | Found a shadowy altar of Dithmenos.
 13276 | D:9      | Noticed Nico3ck's ghost (novice GrWz)
 14195 | D:9      | Reached XP level 11. HP: 38/47 MP: 14/24
 14436 | D:9      | Reached skill level 15 in Stealth
 14536 | D:10     | Entered Level 10 of the Dungeon
 14614 | D:10     | Reached **** piety under Dithmenos
 14758 | D:10     | Reached skill level 1 in Shields
 14825 | D:10     | Found a staircase to the Lair.
 14871 | D:10     | Noticed Nergalle
 14885 | D:10     | Killed Nergalle
 15843 | D:11     | Noticed Urug
 15845 | D:11     | Killed Urug
 15906 | D:11     | Reached skill level 16 in Stealth
 16639 | D:11     | Reached skill level 1 in Invocations
 16903 | D:11     | Noticed a cyan ugly thing
 16908 | D:11     | Killed a cyan ugly thing
 17155 | D:12     | Noticed a skeletal warrior
 17155 | D:12     | Noticed a skeletal warrior
 17155 | D:12     | Noticed a skeletal warrior
 17155 | D:12     | Noticed a skeletal warrior
 17208 | Lair:1   | Entered Level 1 of the Lair of Beasts
 18150 | Lair:1   | Reached XP level 12. HP: 51/51 MP: 23/26
 18561 | Lair:2   | Noticed a seven-headed hydra
 18569 | Lair:2   | Slain by a seven-headed hydra

Vault maps used:
D:1:      evilmike_arrival_rings
D:2:      cheibrodos_helix_gallery, lemuel_crystal_altar, first_bread,
          okawaru_trees_2
D:3:      overflow_temple_1_default, serial_bayou_lake_a
D:4:      lemuel_doored_altar, minmay_temple_entry_statues_pillars,
          uniq_menkaure
D:5:      basic_altar
D:6:      kennysheep_mini, uniq_blork_the_orc, uniq_pikel
D:7:      lemuel_crystal_altar, grunt_gozag_statues, basic_altar,
          interstate_on_off, minmay_small_thing
D:8:      minmay_blocky_corners, chequers_temple_overflow_statue_of_worship,
          ashenzari_conservatory_becter, david_nohive_1
D:9:      erik_orc_2, basic_altar, minmay_crystal_room
D:10:     david_lair_generic, uniq_nergalle
D:11:     uniq_urug
D:12:     hangedman_cross_cluster, basic_altar, uniq_josephine
Temple:   cyrus_circular_temple
Lair:1:   serial_bayou, serial_bayou_pond_a, serial_bayou_pond_c,
          serial_bayou_shore_b, serial_bayou_pond_b, fungi_pond_lemuel
Lair:2:   guppyfry_snake_entry_garden, basic_altar,
          nicolae_volcano_entry_s_turn, lab_entry_generic, st_stairs_12,
          uniq_gastronok

Skill      XL: |  1  2  3  4  5  6  7  8  9 10 11 |
---------------+----------------------------------+-----
Hexes          | 4 5 6 7 8 10 12 13 | 13.3
Stealth        | 5 6 7 8 9 11 13 14 16 | 16.6
Spellcasting   | 3 4 5 6 7 8 9 |  9.8
Short Blades   | 2 3 4 5 6 7 8 |  8.6
Ice Magic      | 1 |  1.0
Shields        | 2 |  2.1
Invocations    | 2 |  2.2
Dodging        | |  3.1

Action                   |  1- 3 |  4- 6 |  7- 9 | 10-12 || total
-------------------------+-------+-------+-------+-------++-------
Melee: Dagger            |    77 |   151 |   229 |   267 ||   724
Throw: Stone             |     2 |     8 |     5 |     1 ||    16
 Cast: Ensorcelled Hiber |    19 |    58 |    38 |    75 ||   190
       Confuse           |       |    11 |    30 |     8 ||    49
Invok: Shadow Step       |       |       |       |     3 ||     3
  Use: Potion            |       |     4 |       |       ||     4
       Scroll            |       |       |     9 |     4 ||    13
 Stab: Sleeping          |    16 |    32 |    38 |    90 ||   176
       Distracted        |       |     1 |       |    10 ||    11
       Confused          |       |     4 |    13 |     5 ||    22
  Eat: Bread ration      |       |     2 |     1 |       ||     3
Armor: Robe              |     8 |     6 |     2 |     7 ||    23
Dodge: Dodged            |    59 |   121 |   152 |   157 ||   489

Table legend:
 A = Spawn XP
 B = Non-spawn XP
 C = Spawn XP percentage of total XP
 D = Spawn monster count
 E = Non-spawn monster count
 F = Spawn count percentage of total count
 G = Total turns spent on level
                    A         B        C        D         E        F      G
               +---------+---------+-------+---------+---------+-------+---------
         Total |       0 |   22800 |   0.0 |       0 |     310 |   0.0 | 18569
               +---------+---------+-------+---------+---------+-------+---------
           D:1 |       0 |      29 |   0.0 |       0 |      13 |   0.0 |  2374
           D:2 |       0 |      87 |   0.0 |       0 |      25 |   0.0 |  1126
           D:3 |       0 |     119 |   0.0 |       0 |      22 |   0.0 |  2108
           D:4 |       0 |     450 |   0.0 |       0 |      23 |   0.0 |  1582
           D:5 |       0 |     666 |   0.0 |       0 |      22 |   0.0 |  1719
           D:6 |       0 |    1069 |   0.0 |       0 |      14 |   0.0 |   680
           D:7 |       0 |    1583 |   0.0 |       0 |      29 |   0.0 |  2108
           D:8 |       0 |    5375 |   0.0 |       0 |      48 |   0.0 |  1501
           D:9 |       0 |    2341 |   0.0 |       0 |      33 |   0.0 |  1275
          D:10 |       0 |    3665 |   0.0 |       0 |      34 |   0.0 |  1171
          D:11 |       0 |    4066 |   0.0 |       0 |      28 |   0.0 |  1493
        Lair:1 |       0 |    3017 |   0.0 |       0 |      17 |   0.0 |  1205
        Lair:2 |       0 |     333 |   0.0 |       0 |       2 |   0.0 |   156
               +---------+---------+-------+---------+---------+-------+---------
